[ AOE2 MATCH · #506503692 ]
UnrankedVietnamese vs Poles
Player's team · LOSS
Rival team · WIN
[ REPLAY ANALYSIS · EXTRACTED FROM THE RECORDED GAME ]
Feudal
11:52
Castle
19:36
Imperial
33:57
| APM avg | 41.2 |
| APM peak | 87 |
| eAPM avg | 18.3 |
| Villagers / military | 89 / 174 |
Focus
⚔️ 44.6% · 🌾 55.4%
Fire Lancer ×115 · Rattan Archer ×21 · Battering Ram ×17 · Petard ×9 · Trebuchet (Packed) ×5 · Spearman ×4
Feudal
8:39
Castle
19:17
Imperial
33:59
| APM avg | 42.4 |
| APM peak | 91 |
| eAPM avg | 23.9 |
| Villagers / military | 143 / 75 |
Focus
⚔️ 30.2% · 🌾 69.8%
Scout Cavalry ×34 · Obuch ×17 · Bombard Cannon ×7 · Scorpion ×5 · Trebuchet (Packed) ×5 · Mangonel ×4
Match map
Initial resources + every placement click. Lines = walls · curves = elevation contours. ◆ gold · ⬟ stone · ● berries · ✦ relic · ◌ wall gap
Your base· ✓ Closed at 19:36 · 37t walls · 2 gate(s)
Parabox's base· ✓ Closed at 19:17 · 33t walls · 2 gate(s)
Smoothed initial terrain · ◌ = detected wall gap · hover for details
Inputs per minute
— Sp Bro - - Parabox
Build order — Sp Bro
First 150 of 294 actions detected
| 0:01 | Create | Villager (Male) |
| 0:02 | Create | Villager (Male) |
| 0:02 | Build | House |
| 0:04 | Build | House |
| 0:20 | Create | Villager (Male) |
| 0:24 | Create | Villager (Male) |
| 0:25 | Create | Villager (Male) |
| 1:27 | Create | Villager (Male) |
| 1:27 | Create | Villager (Male) |
| 1:43 | Create | Villager (Male) |
| 1:43 | Create | Villager (Male) |
| 1:45 | Build | Lumber Camp |
| 2:09 | Create | Villager (Male) |
| 2:09 | Create | Villager (Male) |
| 2:34 | Create | Villager (Male) |
| 2:35 | Create | Villager (Male) |
| 3:02 | Build | House |
| 3:09 | Create | Villager (Male) |
| 3:09 | Create | Villager (Male) |
| 3:52 | Create | Villager (Male) |
| 3:52 | Create | Villager (Male) |
| 3:52 | Create | Villager (Male) |
| 4:07 | Create | Villager (Male) |
| 4:07 | Create | Villager (Male) |
| 4:22 | Build | Mill |
| 4:35 | Create | Villager (Male) |
| 4:36 | Create | Villager (Male) |
| 4:54 | Build | House |
| 5:01 | Create | Villager (Male) |
| 5:01 | Create | Villager (Male) |
| 5:30 | Create | Villager (Male) |
| 5:47 | Create | Villager (Male) |
| 5:50 | Create | Villager (Male) |
| 5:50 | Create | Villager (Male) |
| 5:58 | Build | Farm |
| 6:15 | Build | Lumber Camp |
| 6:50 | Create | Villager (Male) |
| 7:08 | Build | Farm |
| 7:10 | Create | Villager (Male) |
| 7:22 | Create | Villager (Male) |
| 7:31 | Create | Villager (Male) |
| 7:43 | Create | Villager (Male) |
| 7:49 | Create | Villager (Male) |
| 7:53 | Build | House |
| 7:59 | Create | Villager (Male) |
| 8:12 | Build | Mining Camp |
| 8:19 | Create | Villager (Male) |
| 8:23 | Build | House |
| 8:36 | Build | Mill |
| 9:03 | Build | Palisade Wall |
| 9:09 | Build | Palisade Wall |
| 9:14 | Research | Loom |
| 9:15 | Research | Feudal Age |
| 9:51 | Build | Palisade Gate |
| 10:12 | Build | Palisade Wall |
| 10:21 | Build | Palisade Gate |
| 10:29 | Create | Villager (Male) |
| 10:38 | Build | Mining Camp |
| 10:40 | Create | Villager (Male) |
| 11:05 | Create | Villager (Male) |
| 11:23 | Create | Villager (Male) |
| 11:40 | Build | Palisade Wall |
| 11:47 | Build | Palisade Wall |
| 11:52 | Age | Feudal Age |
| 12:13 | Build | Market |
| 12:15 | Create | Villager (Male) |
| 12:21 | Build | Watch Tower |
| 12:24 | Create | Villager (Male) |
| 12:32 | Build | Blacksmith |
| 12:34 | Create | Villager (Male) |
| 12:38 | Create | Villager (Male) |
| 12:44 | Research | Double-Bit Axe |
| 12:54 | Build | House |
| 13:11 | Build | House |
| 13:13 | Create | Villager (Male) |
| 13:24 | Research | Fletching |
| 13:24 | Research | Fletching |
| 14:13 | Build | Farm |
| 14:15 | Build | Farm |
| 14:16 | Create | Villager (Male) |
| 14:20 | Build | House |
| 14:21 | Build | House |
| 14:25 | Create | Villager (Male) |
| 14:34 | Build | Farm |
| 14:36 | Create | Villager (Male) |
| 14:52 | Build | Outpost |
| 14:56 | Create | Villager (Male) |
| 14:58 | Build | Farm |
| 15:06 | Research | Horse Collar |
| 15:09 | Create | Villager (Male) |
| 15:29 | Create | Villager (Male) |
| 15:35 | Create | Villager (Male) |
| 15:38 | Build | Farm |
| 16:29 | Build | Barracks |
| 16:56 | Research | Castle Age |
| 17:28 | Create | Spearman |
| 17:29 | Create | Spearman |
| 17:59 | Create | Spearman |
| 18:33 | Create | Spearman |
| 19:10 | Create | Villager (Male) |
| 19:11 | Create | Villager (Male) |
| 19:36 | Age | Castle Age |
| 19:58 | Build | Castle |
| 20:00 | Build | Mining Camp |
| 20:05 | Build | Siege Workshop |
| 20:10 | Create | Fire Lancer |
| 20:10 | Create | Fire Lancer |
| 20:10 | Create | Fire Lancer |
| 20:12 | Research | Scale Mail Armor |
| 20:13 | Create | Villager (Male) |
| 20:14 | Create | Villager (Male) |
| 20:16 | Create | Villager (Male) |
| 20:22 | Create | Villager (Male) |
| 20:33 | Research | Bow Saw |
| 20:37 | Create | Villager (Male) |
| 20:38 | Create | Villager (Male) |
| 20:38 | Create | Villager (Male) |
| 20:42 | Build | Monastery |
| 20:48 | Create | Fire Lancer |
| 20:48 | Create | Fire Lancer |
| 20:53 | Create | Battering Ram |
| 20:53 | Create | Battering Ram |
| 21:01 | Build | Farm |
| 21:24 | Create | Battering Ram |
| 21:34 | Create | Villager (Male) |
| 21:41 | Create | Monk |
| 21:42 | Create | Monk |
| 21:48 | Research | Squires |
| 21:58 | Build | Barracks |
| 22:11 | Create | Fire Lancer |
| 22:11 | Create | Fire Lancer |
| 22:12 | Create | Fire Lancer |
| 22:15 | Create | Villager (Male) |
| 22:18 | Create | Villager (Male) |
| 22:27 | Create | Fire Lancer |
| 22:27 | Create | Fire Lancer |
| 22:28 | Create | Fire Lancer |
| 22:42 | Create | Battering Ram |
| 23:06 | Create | Villager (Male) |
| 23:10 | Create | Fire Lancer |
| 23:11 | Create | Fire Lancer |
| 23:19 | Create | Petard |
| 23:19 | Create | Petard |
| 23:24 | Create | Petard |
| 23:25 | Create | Petard |
| 23:37 | Create | Fire Lancer |
| 23:37 | Create | Fire Lancer |
| 23:38 | Create | Fire Lancer |
| 23:38 | Create | Fire Lancer |
| 23:57 | Create | Battering Ram |
Build order — Parabox
First 150 of 353 actions detected
| 0:00 | Create | Villager (Male) |
| 0:02 | Build | House |
| 0:03 | Build | House |
| 0:17 | Create | Villager (Male) |
| 0:22 | Create | Villager (Male) |
| 0:57 | Create | Villager (Male) |
| 1:18 | Build | Palisade Wall |
| 1:21 | Build | Palisade Wall |
| 1:30 | Build | Palisade Wall |
| 1:34 | Create | Villager (Male) |
| 2:07 | Create | Villager (Male) |
| 2:08 | Create | Villager (Male) |
| 2:16 | Build | Palisade Wall |
| 2:24 | Build | Lumber Camp |
| 2:29 | Create | Villager (Male) |
| 2:29 | Create | Villager (Male) |
| 2:57 | Create | Villager (Male) |
| 2:58 | Create | Villager (Male) |
| 3:17 | Create | Villager (Male) |
| 3:39 | Create | Villager (Male) |
| 3:42 | Build | House |
| 4:07 | Create | Villager (Male) |
| 4:27 | Create | Villager (Male) |
| 4:58 | Create | Villager (Male) |
| 5:16 | Create | Villager (Male) |
| 5:23 | Build | Mill |
| 5:34 | Create | Villager (Male) |
| 6:29 | Research | Feudal Age |
| 7:03 | Build | Mining Camp |
| 7:35 | Research | Loom |
| 8:39 | Age | Feudal Age |
| 8:42 | Build | Watch Tower |
| 8:44 | Create | Villager (Male) |
| 8:57 | Create | Villager (Male) |
| 9:05 | Research | Double-Bit Axe |
| 9:32 | Create | Villager (Male) |
| 9:40 | Create | Villager (Male) |
| 10:17 | Create | Villager (Male) |
| 10:22 | Create | Villager (Male) |
| 10:29 | Build | House |
| 10:49 | Research | Horse Collar |
| 10:52 | Build | Farm |
| 11:11 | Build | Watch Tower |
| 11:12 | Create | Villager (Male) |
| 11:24 | Create | Villager (Male) |
| 11:54 | Create | Villager (Male) |
| 12:09 | Create | Villager (Male) |
| 12:13 | Build | Farm |
| 12:17 | Create | Villager (Male) |
| 12:21 | Build | Farm |
| 12:35 | Build | Farm |
| 13:01 | Build | House |
| 13:32 | Build | Watch Tower |
| 13:39 | Build | House |
| 13:40 | Create | Villager (Male) |
| 13:45 | Build | House |
| 13:53 | Create | Villager (Male) |
| 13:57 | Build | Farm |
| 13:58 | Build | Farm |
| 14:10 | Create | Villager (Male) |
| 14:30 | Build | Market |
| 14:34 | Build | Farm |
| 14:43 | Build | Palisade Wall |
| 14:44 | Build | Palisade Wall |
| 14:44 | Build | Palisade Wall |
| 14:44 | Build | Palisade Wall |
| 14:44 | Build | Palisade Wall |
| 14:45 | Build | Palisade Wall |
| 14:45 | Build | Palisade Wall |
| 14:45 | Build | Palisade Wall |
| 14:46 | Build | Palisade Wall |
| 14:47 | Build | Palisade Wall |
| 14:47 | Build | Palisade Wall |
| 14:47 | Build | Palisade Wall |
| 14:48 | Build | Palisade Wall |
| 14:48 | Build | Palisade Wall |
| 14:48 | Build | Palisade Wall |
| 14:48 | Build | Palisade Wall |
| 14:49 | Build | Palisade Wall |
| 14:49 | Build | Palisade Wall |
| 14:49 | Build | Palisade Wall |
| 14:49 | Build | Palisade Wall |
| 14:57 | Research | Wheelbarrow |
| 15:32 | Build | House |
| 15:40 | Create | Villager (Male) |
| 16:10 | Build | Blacksmith |
| 16:35 | Research | Castle Age |
| 17:12 | Build | Lumber Camp |
| 19:01 | Create | Villager (Male) |
| 19:17 | Age | Castle Age |
| 19:19 | Build | Town Center |
| 19:24 | Build | Town Center |
| 19:31 | Build | Town Center |
| 19:34 | Create | Villager (Male) |
| 19:58 | Create | Villager (Male) |
| 20:30 | Create | Villager (Male) |
| 20:30 | Create | Villager (Male) |
| 20:34 | Create | Villager (Male) |
| 20:34 | Create | Villager (Male) |
| 20:42 | Create | Villager (Male) |
| 20:43 | Create | Villager (Male) |
| 20:43 | Create | Villager (Male) |
| 20:47 | Build | Farm |
| 20:50 | Research | Heavy Plow |
| 21:18 | Build | Castle |
| 21:19 | Create | Villager (Male) |
| 21:20 | Create | Villager (Male) |
| 21:24 | Build | Farm |
| 21:24 | Build | Mill |
| 21:25 | Build | Farm |
| 21:27 | Build | Farm |
| 21:28 | Build | Farm |
| 21:28 | Build | Farm |
| 21:30 | Create | Villager (Male) |
| 21:30 | Create | Villager (Male) |
| 21:31 | Create | Villager (Male) |
| 21:35 | Build | Farm |
| 21:44 | Build | Stone Wall |
| 21:52 | Create | Villager (Male) |
| 21:52 | Create | Villager (Male) |
| 22:01 | Build | Farm |
| 22:03 | Build | Mill |
| 22:04 | Build | Farm |
| 22:05 | Create | Villager (Male) |
| 22:07 | Create | Villager (Male) |
| 22:14 | Build | Siege Workshop |
| 22:17 | Create | Villager (Male) |
| 22:17 | Create | Villager (Male) |
| 22:24 | Build | Mining Camp |
| 22:26 | Create | Villager (Male) |
| 22:34 | Build | House |
| 22:51 | Create | Mangonel |
| 22:51 | Create | Villager (Male) |
| 22:56 | Build | House |
| 22:57 | Build | House |
| 22:59 | Build | House |
| 23:09 | Create | Villager (Male) |
| 23:11 | Create | Villager (Male) |
| 23:32 | Create | Villager (Male) |
| 23:36 | Build | Farm |
| 23:43 | Build | House |
| 23:44 | Build | House |
| 23:46 | Build | House |
| 23:52 | Create | Villager (Male) |
| 23:52 | Create | Villager (Male) |
| 23:52 | Create | Villager (Male) |
| 24:02 | Research | Fletching |
| 24:03 | Create | Villager (Male) |
| 24:03 | Create | Villager (Male) |
| 24:03 | Create | Villager (Male) |
Match timeline
| 1:18 | Parabox · wall_segment Palisade Wall x1 |
| 1:21 | Parabox · wall_segment Palisade Wall x4 |
| 1:30 | Parabox · wall_segment Palisade Wall x10 |
| 2:16 | Parabox · wall_segment Palisade Wall x1 |
| 8:39 | Parabox · age_up feudal |
| 9:03 | Sp Bro · wall_segment Palisade Wall x6 |
| 9:09 | Sp Bro · wall_segment Palisade Wall x11 |
| 10:12 | Sp Bro · wall_segment Palisade Wall x11 |
| 11:40 | Sp Bro · wall_segment Palisade Wall x1 |
| 11:47 | Sp Bro · wall_segment Palisade Wall x9 |
| 11:52 | Sp Bro · age_up feudal |
| 14:43 | Parabox · wall_segment Palisade Wall x1 |
| 14:44 | Parabox · wall_segment Palisade Wall x1 |
| 14:44 | Parabox · wall_segment Palisade Wall x1 |
| 14:44 | Parabox · wall_segment Palisade Wall x1 |
| 14:44 | Parabox · wall_segment Palisade Wall x1 |
| 14:45 | Parabox · wall_segment Palisade Wall x2 |
| 14:45 | Parabox · wall_segment Palisade Wall x1 |
| 14:45 | Parabox · wall_segment Palisade Wall x1 |
| 14:46 | Parabox · wall_segment Palisade Wall x1 |
| 14:47 | Parabox · wall_segment Palisade Wall x1 |
| 14:47 | Parabox · wall_segment Palisade Wall x2 |
| 14:47 | Parabox · wall_segment Palisade Wall x1 |
| 14:48 | Parabox · wall_segment Palisade Wall x1 |
| 14:48 | Parabox · wall_segment Palisade Wall x1 |
| 14:48 | Parabox · wall_segment Palisade Wall x2 |
| 14:48 | Parabox · wall_segment Palisade Wall x2 |
| 14:49 | Parabox · wall_segment Palisade Wall x1 |
| 14:49 | Parabox · wall_segment Palisade Wall x2 |
| 14:49 | Parabox · wall_segment Palisade Wall x1 |
| 14:49 | Parabox · wall_segment Palisade Wall x2 |
| 16:06 | Sp Bro · first_market_buy 100 food |
| 16:29 | Sp Bro · first_building Barracks |
| 19:17 | Parabox · age_up castle |
| 19:36 | Sp Bro · age_up castle |
| 19:58 | Sp Bro · first_building Castle |
| 20:05 | Sp Bro · first_building Siege Workshop |
| 20:13 | Parabox · first_market_buy 100 stone |
| 20:42 | Sp Bro · first_building Monastery |
| 21:18 | Parabox · first_building Castle |
| 21:44 | Parabox · wall_segment Stone Wall x5 |
| 22:14 | Parabox · first_building Siege Workshop |
| 22:41 | Parabox · first_market_sell 100 food |
| 24:22 | Sp Bro · first_market_sell 100 wood |
| 28:12 | Parabox · first_building Barracks |
| 31:13 | Parabox · wall_segment Stone Wall x1 |
| 33:26 | Parabox · wall_segment Stone Wall x1 |
| 33:28 | Parabox · wall_segment Stone Wall x1 |
| 33:33 | Parabox · first_building Stable |
| 33:57 | Sp Bro · age_up imperial |
| 33:59 | Parabox · age_up imperial |
| 39:11 | Sp Bro · resign |
[ AI ANALYSIS · 1 CREDIT ]
What really happened in this match?
Wolo.gg analyzes every decision: build order, eco, micro, common mistakes by bracket. Personalized analysis on WhatsApp or Discord in 30 seconds.
Civ guide
Vietnamese
Perfil
Jugador #2482048